 Dungeon Crawl Stone Soup version 0.30-a0-778-g2ef04afb54 (webtiles) character file.

Game seed: 18236701943545563520

21051 browni3141 the Warrior (level 12, -6/122 HPs)
             Began as a Hill Orc Gladiator on Feb 17, 2023.
             Was an Elder of Okawaru.
             Mangled by Snorg (9 damage)
             ... on level 11 of the Dungeon.
             The game lasted 00:41:07 (16973 turns).

browni3141 the Warrior (Hill Orc Gladiator)        Turns: 16973, Time: 00:41:07

Health: -6/122     AC: 14    Str: 27    XL:     12   Next: 85%
Magic:  0/16       EV: 12    Int: 17    God:    Okawaru [****..]
Gold:   268        SH:  0    Dex:  8    Spells: 6/17 levels left

rFire   . . .      SeeInvis .    p - +6 war axe "Atytzu" {flame, Str+2}
rCold   + + .      Faith    .    (no shield)
rNeg    + . .      Spirit   +    e - +2 scale mail of Wisdom {rC++ rN+ Will+ Dex-4}
rPois   .          Reflect  .    s - +2 helmet of Mobuehej {Int+3}
rElec   .          Harm     .    (no cloak)
rCorr   .          Rampage  .    P - +0 pair of gloves {Str+3}
Will    +....                    n - +0 pair of boots Stlth
                                 l - amulet of guardian spirit
HPRegen 0.40/turn                a - +6 ring of intelligence
MPRegen 0.15/turn                o - ring of wizardry

@: hasted, very quick
A: no striking features
a: Renounce Religion, Heroism, Finesse


You were on level 11 of the Dungeon.
You worshipped Okawaru.
Okawaru was greatly pleased with you.
You visited 2 branches of the dungeon, and saw 15 of its levels.
You also visited: Ossuary.

You collected 702 gold pieces.
You spent 434 gold pieces at shops.

Inventory:

Hand Weapons
 j - a +2 short sword of draining
 p - the +6 war axe "Atytzu" (weapon) {flame, Str+2}
   (You found it on level 5 of the Dungeon)

   Str:       It affects your strength (+2).
 M - the +7 hand axe of Ehogyqod {freeze, Dex+4}
   (You found it on level 5 of the Dungeon)

   Dex:       It affects your dexterity (+4).
 Y - a +0 antimagic short sword
Missiles
 b - 2 javelins (quivered)
 d - 4 throwing nets
 y - 13 boomerangs
 z - 33 poisoned darts
 L - 6 atropa-tipped darts
Armour
 e - the +2 scale mail of Wisdom (worn) {rC++ rN+ Will+ Dex-4}
   (You found it on level 9 of the Dungeon)

   Dex:       It affects your dexterity (-4).
   rC:        It greatly protects you from cold.
   rN:        It protects you from negative energy.
   Will:      It increases your willpower.
 n - a +0 pair of boots (worn)
 s - the +2 helmet of Mobuehej (worn) {Int+3}
   (You found it on level 2 of the Dungeon)

   Int:       It affects your intelligence (+3).
 P - a +0 pair of gloves of strength (worn)
 X - +0 swamp dragon scales
Jewellery
 a - a +6 ring of intelligence (left hand)
 h - a ring of flight
 l - an amulet of guardian spirit (around neck)
 o - a ring of wizardry (right hand)
 G - a +6 ring of strength
 U - a +4 ring of slaying
 V - a ring of ice
 Z - a +4 ring of protection
Wands
 c - a wand of mindburst (27)
 g - a wand of light (5)
 x - a wand of roots (2)
 F - a wand of digging (6)
 R - a wand of polymorph (1)
Scrolls
 k - a scroll of torment
 t - 7 scrolls of fear
 v - 7 scrolls of teleportation
 w - a scroll of immolation
 B - 2 scrolls of amnesia
 C - 3 scrolls of magic mapping
 H - a scroll of enchant armour
 K - a scroll of silence
 N - a scroll of fog
 Q - 2 scrolls of poison
 T - a scroll of blinking
Potions
 f - 4 potions of brilliance
 i - 6 potions of might
 m - 10 potions of curing
 q - a potion of ambrosia
 r - 2 potions of degeneration {unknown}
 u - 3 potions of lignification {unknown}
 A - 3 potions of resistance {unknown}
 D - 3 potions of haste
 E - a potion of mutation {unknown}
 I - 4 potions of invisibility {unknown}
 J - 2 potions of cancellation
 O - a potion of heal wounds
 S - 2 potions of attraction {unknown}
 W - a potion of magic {unknown}


   Skills:
 - Level 15.7 Fighting
 - Level 3.2 Maces & Flails
 - Level 1.7 Throwing
 * Level 4.5 Armour
 - Level 8.3 Dodging
 - Level 1.0 Stealth
 - Level 3.0 Spellcasting
 - Level 6.0 Conjurations
 - Level 4.0 Hexes
 * Level 7.1 Fire Magic
 - Level 4.0 Air Magic
 * Level 1.8 Invocations
 - Level 4.0 Evocations


You had 6 spell levels left.
You knew the following spells:

 Your Spells              Type           Power      Damage    Failure   Level
a - Shock                 Conj/Air       76%        1d7       1%          1
b - Swiftness             Air            16%        N/A       9%          3
c - Inner Flame           Hex/Fire       21%        N/A       4%          3
d - Flame Wave            Conj/Fire      24%        2d8       10%         4

Your spell library contained the following spells:

 Spells                   Type           Power      Damage    Failure   Level
 Scorch                   Fire           54%        2d7       1%          2
 Dazzling Flash           Conj/Hex       38%        N/A       6%          3
 Ensorcelled Hibernation  Hex/Ice        18%        N/A       10%         2
 Kindle Blastsparks       Fire/Tloc/Air  30%        2d12      10%         3
 Sticky Flame             Conj/Fire      24%        2d5       10%         4
 Mephitic Cloud           Conj/Pois/Air  13%        N/A       12%         3
 Apportation              Tloc           4%         N/A       16%         1
 Necrotise                Necr           8%         1d4       16%         1
 Ignite Poison            Fire/Tmut/Pois 10%        N/A       16%         3
 Fulminant Prism          Conj/Hex       9%         3d7       19%         4
 Airstrike                Air            8%         2d(2-18)  26%         4
 Fireball                 Conj/Fire      12%        3d7       26%         5
 Iskenderun's Battlesphe  Conj           22%        2d8       32%         5
 Gell's Gravitas          Tloc           2%         N/A       38%         3
 Spider Form              Tmut/Pois      2%         N/A       38%         3
 Teleport Other           Tloc           2%         N/A       38%         3
 Vampiric Draining        Necr           2%         2d6       38%         3
 Iskenderun's Mystic Bla  Conj/Tloc      12%        2d5       38%         4
 Anguish                  Hex/Necr       4%         N/A       52%         4
 Silence                  Hex/Air        8%         N/A       58%         5
 Freezing Cloud           Conj/Ice/Air   6%         6-21      69%         5
 Conjure Ball Lightning   Conj/Air       9%         3x3d6     94%         6
 Agony                    Necr           2%         N/A       98%         5
 Lee's Rapid Deconstruct  Erth           1%         3d4*      98%         5
 Dispersal                Tloc           1%         N/A       100%        6
 Orb of Destruction       Conj           11%        9d6       100%        7
 Disjunction              Tloc           1%         N/A       100%        8
 Ignition                 Fire           13%        3d6       100%        8
 Fire Storm               Conj/Fire      12%        8d3       100%        9
 Summon Small Mammal      Summ           Unusable   N/A       N/A         1

Dungeon Overview and Level Annotations

Branches:
Dungeon (14/15)            Temple (1/1) D:6            Lair (0/5) D:9
    Orc (0/2) D:9         Ossuary (visited)
 Vaults: D:13-14

Altars:
Ashenzari
Cheibriados
Dithmenos
Elyvilon
Fedhas
Gozag
Hepliaklqana
Kikubaaqudgha
Makhleb
Nemelex Xobeh
Okawaru
Qazlal
Ru
Sif Muna
Trog
Uskayaw
Vehumet
Wu Jian
Xom
Yredelemnul
Zin
The Shining One

Shops:
D:1 !   D:8 ?

Annotations:
D:6 2 runed translucent doors
D:11 Snorg


Message History

Snorg is engulfed in blazing flames.
The shadow hits you.
You closely miss the shadow.
The shadow is heavily damaged.
The shadow closely misses you. The shadow misses you.
You hit the shadow but do no damage.
The shadow is heavily damaged.
Snorg draws her long claws delicately across her gut.
The shadow closely misses you.
You closely miss the shadow.
The shadow is heavily damaged.
You barely miss Snorg. Snorg closely misses you. Snorg barely misses you.
Snorg claws you but does no damage. The shadow barely misses you.
You hit the shadow. You burn the shadow.
The shadow is severely damaged.
You hit Snorg. You burn Snorg.
Snorg beckons gently.
Snorg goes berserk!
The shadow hits you. Snorg attacks as you move away! Snorg bites you!
* * * LOW HITPOINT WARNING * * *
Snorg claws you!
* * * LOW HITPOINT WARNING * * *
Snorg claws you but does no damage.
Okay, then.
Okay, then.
Unknown command.
Aiming: Polymorph
Press: ? - help, Shift-Dir - straight line, f - Snorg
Aim: Snorg (moderately wounded, berserk, will become an entropy weaver, a jumping spider, or a rime drake, chance to affect: 25%)
Okay, then.
Unknown command.
Okay, then.
Unknown command.
Aiming: Bolt of Light
Press: ? - help, Shift-Dir - straight line The bolt of light hits Snorg!
Snorg is heavily wounded.
Snorg is blinded.
The bolt of light misses the shadow.
Snorg barely misses you. Snorg claws you!
You die...

####### #.....# .
#.....#####+#
..##...........#
...............#
...............+
.##.....##....#
#...TW##...(#
#...@..#....#
#......+....#
#......#....# .
#......#....+ ...
#>...(.#....#.....
#......#T..[(....(
#.....##..#.#.#.#.
##.....##T.#.#.#
#..........#.# #


You could see Snorg (berserk, blind) and a shadow.

Vanquished Creatures
  A great orb of eyes (D:13)
  Harold (D:9)
  A centaur warrior (D:13)
  4 two-headed ogres
  Nergalle (D:10)
  A deep elf pyromancer (D:13)
  Pikel (D:5)
  A manticore (D:6)
  Maurice (D:12)
  A gargoyle (D:6)
  3 kobold demonologists
  An unseen horror (D:6)
  Psyche (D:9)
  Maggie (D:9)
  5 trolls
  Grinder (D:6)
  4 hornets
  Prince Ribbit (D:8)
  A shadow (D:10)
  20 yaks
  4 wraiths
  3 wyverns
  2 steam dragons (D:9)
  2 acid dragons
  8 orc warriors
  2 ice beasts
  A sky beast (D:7)
  7 black bears
  2 ogres
  8 centaurs
  A phantom (D:5)
  9 kobold brigands
  A bullfrog (D:9)
  An elf zombie (Ossuary)
  A gnoll sergeant (D:8)
  5 scorpions
  9 wights
  5 killer bees (D:9)
  2 howler monkeys (D:6)
  8 electric eels (D:8)
  A quasit (D:7)
  2 centaur zombies (Ossuary)
  2 human zombies (Ossuary)
  A gnoll bouda (D:5)
  4 orc priests
  4 hounds
  A jelly (D:8)
  5 iguanas
  14 orc wizards
  A hound zombie (Ossuary)
  4 mummies
  11 gnolls
  7 adders
  3 shadow imps
  7 white imps
  5 ufetubi (D:7)
  8 adder zombies (Ossuary)
  A worm (D:2)
  A dart slug (D:2)
  38 orcs
  6 ball pythons
  5 bats
  10 endoplasms
  8 giant cockroaches
  11 goblins
  10 hobgoblins
  15 jackals
  3 quokkas
  5 frilled lizards
  A gnoll zombie (Ossuary)
  A goblin zombie (Ossuary)
  3 hobgoblin zombies (Ossuary)
  2 jackal zombies (Ossuary)
  30 kobolds
  3 kobold zombies (Ossuary)
  2 orc zombies (Ossuary)
  4 quokka zombies (Ossuary)
  7 rats
  4 rat zombies (Ossuary)
382 creatures vanquished.

Vanquished Creatures (others)
  An orc warrior (D:9)
  An orc wizard (D:9)
  3 gnolls (D:8)
  An orc (D:8)
  19 fungi (D:9)
  60 plants
85 creatures vanquished.

Grand Total: 467 creatures vanquished

Notes
Turn   | Place    | Note
-------+----------+-------------------------------------------
     0 | D:1      | browni3141 the Hill Orc Gladiator began the quest for the
                  | Orb.
     0 | D:1      | Reached XP level 1. HP: 18/18 MP: 1/1
   112 | D:1      | Reached XP level 2. HP: 20/25 MP: 2/2
   131 | D:1      | Found Dicogycy's Distillery.
   160 | D:1      | Reached skill level 3 in Fighting
   348 | D:1      | Reached XP level 3. HP: 5/31 MP: 3/3
   516 | D:1      | Reached skill level 1 in Stealth
  1006 | D:1      | Reached skill level 4 in Fighting
  1197 | D:2      | Reached XP level 4. HP: 37/40 MP: 4/4
  1224 | D:2      | Found a faded altar of an unknown god.
  1265 | D:2      | Found a snail-covered altar of Cheibriados.
  1568 | D:2      | Identified the +2 helmet of Mobuehej {Int+3}
  1969 | D:2      | Learned a level 1 spell: Shock
  2576 | D:3      | Reached skill level 1 in Air Magic
  2576 | D:3      | Reached XP level 5. HP: 44/47 MP: 5/5
  2718 | D:3      | Found a glowing golden altar of the Shining One.
  2739 | D:3      | Reached skill level 5 in Fighting
  3102 | D:4      | Found a sacrificial altar of Ru.
  3121 | D:4      | Noticed a black bear
  3154 | D:4      | Killed a black bear
  3155 | D:4      | Reached XP level 6. HP: 42/56 MP: 2/7
  3442 | D:4      | Found a sand-covered staircase.
  3466 | Ossuary  | Entered an ossuary
  3484 | Ossuary  | Reached skill level 1 in Spellcasting
  3807 | Ossuary  | Learned a level 3 spell: Swiftness
  3829 | Ossuary  | Reached XP level 7. HP: 56/62 MP: 1/9
  3845 | Ossuary  | Reached skill level 6 in Fighting
  4399 | D:4      | Found a blossoming altar of Fedhas.
  4483 | D:4      | Found a burning altar of Makhleb.
  4926 | D:5      | Entered Level 5 of the Dungeon
  5051 | D:5      | Noticed Pikel
  5077 | D:5      | Killed Pikel
  5078 | D:5      | Reached skill level 7 in Fighting
  5078 | D:5      | Reached XP level 8. HP: 50/73 MP: 7/12
  5250 | D:5      | Noticed a wyvern
  5256 | D:5      | Reached skill level 1 in Evocations
  5257 | D:5      | Killed a wyvern
  5261 | D:5      | Reached skill level 8 in Fighting
  5361 | D:5      | Identified the +6 war axe "Atytzu" {flame, Str+2}
  5507 | D:5      | Identified the +7 hand axe of Ehogyqod {freeze, Dex+4}
  5598 | D:5      | Reached XP level 9. HP: 81/81 MP: 13/13
  5834 | D:6      | Noticed Grinder
  5847 | D:6      | Killed Grinder
  5848 | D:6      | Reached skill level 9 in Fighting
  5848 | D:6      | Reached skill level 5 in Dodging
  6088 | D:6      | Found a staircase to the Ecumenical Temple.
  6094 | D:6      | Reached skill level 10 in Fighting
  6184 | Temple   | Entered the Ecumenical Temple
  6540 | D:6      | Found a large runed translucent door.
  6540 | D:6      | Found a large runed translucent door.
  6588 | D:6      | Noticed a gargoyle
  6599 | D:6      | Killed a gargoyle
  6648 | D:6      | Noticed a kobold demonologist
  6655 | D:6      | Found a large runed translucent door.
  6655 | D:6      | Found a large runed translucent door.
  6667 | D:6      | Reached skill level 11 in Fighting
  6849 | D:6      | Reached XP level 10. HP: 96/96 MP: 14/14
  6974 | D:6      | Noticed a manticore
  6978 | D:6      | Killed a manticore
  7246 | D:6      | Found a snail-covered altar of Cheibriados.
  7539 | D:7      | Found a shimmering altar of Xom.
  7761 | D:7      | Reached skill level 12 in Fighting
  7803 | D:7      | Found an iron altar of Okawaru.
  7806 | D:7      | Found a shimmering blue altar of Sif Muna.
  7814 | D:7      | Became a worshipper of Warmaster Okawaru
  8592 | D:7      | Found a hazy altar of Hepliaklqana.
  8747 | D:8      | Reached * piety under Okawaru
  9061 | D:8      | Reached skill level 13 in Fighting
  9605 | D:8      | Got the Codex of Superposition
  9625 | D:8      | Found The Oracle's Delphic Readings.
  9629 | D:8      | Bought a scroll of identify for 22 gold pieces
  9629 | D:8      | Bought a scroll of identify for 22 gold pieces
  9954 | D:8      | Noticed Prince Ribbit
  9960 | D:8      | Killed Prince Ribbit
 10075 | D:8      | Found a glowing silver altar of Zin.
 10897 | D:1      | Bought a potion of might for 52 gold pieces
 10897 | D:1      | Bought a potion of heal wounds for 65 gold pieces
 10897 | D:1      | Bought a potion of haste for 130 gold pieces
 10897 | D:1      | Bought a potion of cancellation for 104 gold pieces
 10897 | D:1      | Bought a potion of curing for 39 gold pieces
 11142 | D:6      | Killed a kobold demonologist
 11147 | D:6      | Killed an unseen horror
 11148 | D:6      | Reached skill level 14 in Fighting
 11148 | D:6      | Reached XP level 11. HP: 62/110 MP: 9/15
 11174 | D:6      | Learned a level 3 spell: Inner Flame
 11179 | D:6      | Learned a level 4 spell: Flame Wave
 11348 | D:9      | Reached ** piety under Okawaru
 11361 | D:8      | Reached skill level 1 in Conjurations
 11361 | D:8      | Reached skill level 1 in Fire Magic
 11630 | D:9      | Noticed Harold
 11646 | D:9      | Killed Harold
 11648 | D:9      | Noticed Maggie
 11661 | D:9      | Killed Maggie
 12167 | D:9      | Paralysed by a hornet for 3 turns
 12289 | D:9      | Reached *** piety under Okawaru
 12318 | D:9      | Noticed a two-headed ogre
 12637 | D:9      | Killed a two-headed ogre
 12638 | D:9      | Reached skill level 1 in Hexes
 12775 | D:9      | Noticed a two-headed ogre
 12780 | D:9      | Killed a two-headed ogre
 13169 | D:9      | Reached skill level 15 in Fighting
 13194 | D:9      | Reached skill level 5 in Fire Magic
 13345 | D:9      | Noticed Psyche
 13351 | D:9      | Killed Psyche
 13352 | D:9      | Reached XP level 12. HP: 36/119 MP: 1/16
 13631 | D:9      | Found an ornate altar of the Wu Jian Council.
 13740 | D:9      | Found a staircase to the Lair.
 13787 | D:9      | Identified the +2 scale mail of Wisdom {rC++ rN+ Will+
                  | Dex-4}
 14385 | D:9      | Found a staircase to the Orcish Mines.
 14548 | D:10     | Entered Level 10 of the Dungeon
 14569 | D:10     | Reached **** piety under Okawaru
 14570 | D:10     | Reached skill level 1 in Armour
 14802 | D:10     | Reached skill level 5 in Conjurations
 14963 | D:10     | Found a broken altar of Ashenzari.
 15034 | D:10     | Noticed Nergalle
 15053 | D:10     | Killed Nergalle
 15254 | D:10     | Received a gift from Okawaru
 15326 | D:10     | Noticed a two-headed ogre
 15332 | D:10     | Killed a two-headed ogre
 15652 | D:10     | Paralysed by a hornet for 3 turns
 15685 | D:10     | Got the Parchment of Nausea and Heat
 16083 | D:11     | You fall into a shaft and drop 3 floors!
 16129 | D:14     | Noticed a two-headed ogre
 16137 | D:14     | Killed a two-headed ogre
 16429 | D:13     | Noticed a centaur warrior
 16438 | D:13     | Killed a centaur warrior
 16606 | D:13     | Noticed a great orb of eyes
 16749 | D:13     | Killed a great orb of eyes
 16850 | D:12     | Noticed Maurice
 16865 | D:12     | Killed Maurice
 16936 | D:11     | Reached skill level 1 in Invocations
 16942 | D:11     | Noticed Snorg
 16972 | D:11     | HP: 3/122 [Snorg (8)]
 16973 | D:11     | Mangled by Snorg

Illustrated notes

Levels and vault maps discovered:
D:1:      noname_arrival_rooms_in_the_neighbourhood, layout_basic, serial_shops,
          shop, minmay_box_of_dots
D:2:      layout_basic, hellmonk_ecumenical_altar_crossroads, basic_altar,
          grunt_ministairs_11, grunt_decor_mini_mirrors, nicolae_hexahallways,
          minmay_goblin_kobold_house
D:3:      layout_basic, mainiacjoe_overflow_alcove_2
D:4:      layout_basic, bloody_makhleb, mainiacjoe_overflow_tiny_flanked,
          fedhas_altar_1, nicolae_ossuary_entry_false_entrances
D:5:      kennysheep_spiral_hall, layout_rooms, minmay_strange_pillars,
          uniq_pikel
D:6:      layout_loops_corners, slow_altar_2, minmay_temple_entry_ruins,
          minmay_hollow_rounded_squares, uniq_grinder
D:7:      layout_loops_ring, lemuel_coloured_pillars_altar,
          mainiacjoe_overflow_alcove_1, nicolae_overflow_squiral,
          serial_demonic, serial_demonic_a, serial_demonic_d, serial_demonic_e,
          serial_demonic_c, serial_demonic_d, serial_demonic_b,
          serial_demonic_g, nrook_pool_corridor
D:8:      layout_basic, mainiacjoe_overflow_paths, serial_bayou,
          serial_bayou_pond_a, serial_bayou_pond_b, serial_bayou_lake_a,
          serial_bayou_crossing, nicolae_nh_oracle_at_delphi,
          uniq_prince_ribbit1
D:9:      layout_rooms, mainiacjoe_overflow_six_doors_small,
          grunt_lair_entry_orc_guard_hut, david_orc_4, minmay_joined_circles,
          uniq_harold, uniq_maggie, uniq_psyche
D:10:     layout_roguey, old_standard_altar, chequers_serial_rivers_micro_c,
          uniq_nergalle
D:11:     layout_gridville, minmay_misc_feat_rows, uniq_snorg
D:12:     layout_roguey, uniq_maurice, uniq_sonja
D:13:     layout_grid_maze
D:14:     layout_irregular_city, skrybe_vaults_entry_preservation,
          hangedman_decor_lopped, minmay_crystal_box
Temple:   zaba_magenta_temple

Skill      XL: |  1  2  3  4  5  6  7  8  9 10 11 12 |
---------------+-------------------------------------+-----
Fighting       | 3 4 5 7 8 11 14 15 | 15.7
Stealth        | 1 |  1.0
Dodging        | 3 4 5 7 8 |  8.3
Air Magic      | 1 2 3 4 |  4.0
Spellcasting   | 1 3 |  3.0
Evocations     | 2 4 |  4.0
Conjurations   | 4 6 |  6.0
Fire Magic     | 5 7 |  7.1
Hexes          | 2 4 |  4.0
Armour         | 4 |  4.5
Invocations    | 1 |  1.8
Maces & Flails | |  3.2
Throwing       | |  1.7

Action                     |  1- 3 |  4- 6 |  7- 9 | 10-12 || total
---------------------------+-------+-------+-------+-------++-------
  Melee: Flail             |    23 |       |       |       ||    23
         Club              |   117 |       |       |       ||   117
         Short sword       |    39 |   332 |   175 |       ||   546
         Punch             |     1 |     6 |     3 |    10 ||    20
         War axe           |       |       |    73 |   421 ||   494
         Hand axe          |       |       |    48 |       ||    48
  Throw: Throwing net      |     3 |       |       |       ||     3
         Javelin           |     1 |       |     1 |    10 ||    12
         Dart              |       |       |     9 |    17 ||    26
         Boomerang         |       |       |     7 |    11 ||    18
   Cast: Shock             |       |    24 |    29 |     3 ||    56
         Swiftness         |       |       |       |     1 ||     1
         Inner Flame       |       |       |       |    23 ||    23
         Flame Wave        |       |       |       |     2 ||     2
 Invoke: Heroism           |       |       |       |    10 ||    10
  Evoke: Wand              |       |       |     7 |    14 ||    21
    Use: Scroll            |       |     4 |     1 |    11 ||    16
         Potion            |       |       |       |     3 ||     3
   Stab: Held in net/web   |     1 |       |       |       ||     1
         Sleeping          |     2 |       |     2 |       ||     4
 Armour: Leather armour    |    73 |   183 |   114 |    71 ||   441
         Swamp dragon scal |       |       |       |    73 ||    73
         Scale mail        |       |       |       |    76 ||    76
  Dodge: Dodged            |   201 |   270 |   177 |   449 ||  1097

Table legend: (Time is in decaauts)
 A = Elapsed time spent in this place.
 B = Non-inter-level travel time spent in this place.
 C = Inter-level travel time spent in this place.
 D = Time resting spent in this place.
 E = Time spent auto-exploring this place.
 F = Levels seen in this place.
 G = Mean time per level.
                   A        B        C        D        E       F      G
               +--------+--------+--------+--------+--------+-----+--------+
         Total |  17223 |  16156 |   1067 |   3383 |   9169 |  16 | 1076.4 |
       Dungeon |  16305 |  15238 |   1067 |   3230 |   8794 |  14 | 1164.6 |
        Temple |     73 |     73 |      0 |      0 |     50 |   1 |   73.0 |
       Ossuary |    844 |    844 |      0 |    153 |    325 |   1 |  844.0 |
               +--------+--------+--------+--------+--------+-----+--------+

Top non-repeatable levels by time:
     D:8: 3430 daAuts
     D:9: 1971 daAuts
     D:6: 1929 daAuts
    D:10: 1531 daAuts
     D:7: 1346 daAuts
     D:3: 1185 daAuts
     D:1: 1127 daAuts
     D:4: 1027 daAuts
     D:2: 927 daAuts
     D:5: 924 daAuts
 Ossuary: 844 daAuts
    D:14: 391 daAuts
    D:13: 341 daAuts
    D:11: 92 daAuts
    D:12: 79 daAuts
